 Dungeon Crawl Stone Soup version 0.24.0-123-gd5b16e6ec5 (webtiles) character file.

Game seed: 15262116197044925198, levelgen mode: deterministic

196 mortelune the Skirmisher (level 6, 0/49 HPs)
             Began as a Formicid Abyssal Knight on Dec 21, 2019.
             Was a Follower of Lugonu.
             Slain by an unseen horror (4 damage)
             ... on level 6 of the Dungeon.
             The game lasted 00:05:31 (3251 turns).

mortelune the Skirmisher (Formicid Abyssal Knight)  Turns: 3251, Time: 00:05:32

Health: 0/49       AC: 10    Str: 18    XL:     6   Next: 4%
Magic:  7/7        EV:  7    Int: 17    God:    Lugonu [*.....]
Gold:   77         SH:  3    Dex: 10    Spells: 5/5 levels left

rFire    + . .     SeeInvis +   a - +1 falchion
rCold    + . .     Gourm    .   (no shield)
rNeg     . . .     Faith    .   h - +0 chain mail
rPois    +         Spirit   .   (helmet unavailable)
rElec    +         Reflect  +   (no cloak)
rCorr    +         Harm     .   (no gloves)
MR       .....                  (no boots)
Stlth    ..........             l - +3 amulet of reflection
HPRegen  0.16/turn              f - +1 ring of protection
MPRegen  0.10/turn              (no ring)

@: brilliant, resistant
A: permanent stasis, dig shafts and tunnels, four strong arms, antennae 3
a: Dig, Shaft Self, Depart the Abyss, Renounce Religion


You were on level 6 of the Dungeon.
You worshipped Lugonu.
Lugonu was aware of your devotion.
You were very hungry.

You visited 1 branch of the dungeon, and saw 7 of its levels.
You visited the Abyss 1 time.

You collected 77 gold pieces.

Inventory:

Hand Weapons
 a - a +1 falchion (weapon)
Armour
 b - a +0 leather armour
 g - a +0 ring mail
 h - a +0 chain mail (worn)
 k - a +2 leather armour of fire resistance
Jewellery
 f - a +1 ring of protection (left hand)
 i - a +2 ring of dexterity {unknown}
 l - a +3 amulet of reflection (around neck)
Wands
 o - a wand of iceblast (5)
Scrolls
 e - 4 scrolls of identify
 j - 2 scrolls of noise {unknown}
 n - a scroll of magic mapping
 r - 3 scrolls of teleportation {unknown}
 t - a scroll of fog {unknown}
Potions
 m - 2 potions of lignification
Comestibles
 c - 8 rations


   Skills:
 + Level 4.4 Fighting
 * Level 4.2 Long Blades
 + Level 3.6 Armour
 - Level 0.8 Dodging
 - Level 2.1 Invocations


You had 5 spell levels left.
You didn't know any spells.
Your spell library was empty.

Dungeon Overview and Level Annotations

Branches:
Dungeon (7/15)
 Temple: D:4-7

Altars:
Elyvilon
Hepliaklqana
Okawaru
The Shining One


Innate Abilities, Weirdness & Mutations

You cannot be hasted, slowed, berserked, paralysed or teleported.
You can dig through walls and to a lower floor.
Your four strong arms can wield two-handed weapons with a shield.
You have a pair of large antennae on your head. (SInv)


Message History

The stone hits the kobold.
The kobold throws a stone.
The stone hits you but does no damage.
You see here a stone.
The water moccasin skeleton bites you.
* * * LOW HITPOINT WARNING * * *
The water moccasin skeleton completely misses you.
An adder comes into view.
The unseen horror hits you but does no damage.
The adder hisses angrily.
The unseen horror hits you.
* * * LOW HITPOINT WARNING * * *
You block the unseen horror's attack.
The unseen horror hits you but does no damage.
The unseen horror closely misses you.
You riposte.
You hit the unseen horror but do no damage.
The unseen horror hits you but does no damage.
The unseen horror hits you.
* * * LOW HITPOINT WARNING * * *
The unseen horror hits you.
You die...

### #.### ### #...#...
#.#.#.### #@#......
######## #x..#...♣
#...(..# #c.....♣ #......#
#S....♣.♣ #......#
#.#..♣.♣K♣.
#......#########z#.♣.♣._.♣
'......(.KK.{{.Z....♣.♣.♣.
#......#.#######.#...♣.♣.♣
#......#.#............♣.♣


You could see a centaur warrior, an unseen horror (invisible), a wight, an adder
and a water moccasin skeleton.

Vanquished Creatures
  A howler monkey (D:3)
  A bullfrog zombie (D:5)
  A centaur zombie (D:5)
  4 gnolls (D:5)
  An ooze (D:1)
  A worm (D:2)
  2 leopard geckos (D:1)
  An orc (D:2)
  5 giant cockroaches
  A goblin (D:1)
  5 hobgoblins
  3 jackals
  6 kobolds
  2 ball pythons (D:3)
  4 bats
  4 frilled lizards
  5 rats
47 creatures vanquished.

Notes
Turn   | Place    | Note
-------+----------+-------------------------------------------
     0 | Abyss:1  | mortelune the Formicid Abyssal Knight began the quest for
                  | the Orb.
     0 | Abyss:1  | Reached XP level 1. HP: 18/18 MP: 2/2
    22 | Abyss:1  | Noticed a small abomination
    23 | D:1      | Escaped the Abyss
   112 | D:1      | Reached * piety under Lugonu
   216 | D:1      | Reached XP level 2. HP: 24/24 MP: 3/3
   739 | D:1      | Reached XP level 3. HP: 24/29 MP: 4/4
  1111 | D:2      | Found a white marble altar of Elyvilon.
  2026 | D:3      | Found a hazy altar of Hepliaklqana.
  2087 | D:3      | Reached XP level 4. HP: 35/37 MP: 5/5
  2118 | D:3      | Found a glowing golden altar of the Shining One.
  2862 | D:4      | You fall into a shaft and drop 1 floor!
  2862 | D:5      | Entered Level 5 of the Dungeon
  2881 | D:5      | Reached XP level 5. HP: 31/42 MP: 6/6
  2921 | D:5      | Reached ** piety under Lugonu
  2921 | D:5      | Reached XP level 6. HP: 22/49 MP: 7/7
  3130 | D:5      | Noticed an ogre
  3166 | D:6      | Found an iron altar of Okawaru.
  3166 | D:6      | Noticed an unseen horror
  3190 | D:6      | You fall into a shaft and drop 1 floor!
  3219 | D:6      | Noticed a centaur warrior
  3251 | D:6      | Slain by an unseen horror

Levels and vault maps discovered:
D:1:      eino_arrival_water_cross, layout_basic
D:2:      layout_rooms, elyvilon_altar_3, chequers_serial_rivers_room_b
D:3:      layout_loops_ring, nicolae_tso_carved_into_rock,
          overflow_temple_1_default, first_ration
D:4:      layout_cave_pods, lemuel_zombie_altar_kikubaaqudgha,
          kennysheep_mini_moat, bh_chokoban
D:5:      layout_basic, kennysheep_mini, grunt_qazlal_clouds, serial_shops,
          shop, basic_altar, minmay_misc_feat_enclosed
D:6:      cheibrodos_fzero, layout_basic, okawaru_trees_2,
          minmay_temple_entry_overgrown, cheibrodos_sewer_entry_bend,
          minmay_bent
D:7:      layout_rooms, nicolae_ashenzari_panopticon, ebering_ghost_xom,
          makhleb_heckhound_becter

Skill      XL: |  1  2  3  4  5 |
---------------+----------------+-----
Long Blades    | 3 4 |  4.2
Fighting       | 4 |  4.4
Armour         | 3 |  3.6
Dodging        | |  0.8
Invocations    | |  2.1

Action                   |  1- 3 |  4- 6 || total
-------------------------+-------+-------++-------
Melee: Falchion          |    86 |    92 ||   178
Invok: Depart the Abyss  |     1 |       ||     1
 Abil: Dig               |       |     4 ||     4
       Shaft Self        |       |     1 ||     1
  Use: Scroll            |     5 |     1 ||     6
       Potion            |       |     4 ||     4
  Eat: Chunk             |     4 |     3 ||     7
Armor: Leather armour    |     7 |       ||     7
       Chain mail        |    32 |    53 ||    85
Dodge: Dodged            |    55 |    30 ||    85
Block: Other             |     1 |    17 ||    18
       Reflection        |       |     1 ||     1
       Rpst.: Falchion   |    17 |     8 ||    25
